 Dungeon Crawl Stone Soup version 0.26.1-2-gb8aa6d0cf2 (webtiles) character file.

Game seed: 8297277690610513829

134 Qrupt the Stinger (level 5, -3/31 HPs)
             Began as an Octopode Venom Mage on Mar 8, 2021.
             Slain by an orc
             ... wielding a +0 mace
              (7 damage)
             ... on level 2 of the Dungeon on Mar 11, 2021.
             The game lasted 00:05:05 (3095 turns).

Qrupt the Stinger (Octopode Venom Mage)             Turns: 3095, Time: 00:05:05

Health: -3/31      AC:  1    Str:  7    XL:     5   Next: 17%
Magic:  2/9        EV: 14    Int: 19    God:
Gold:   80         SH:  0    Dex: 12    Spells: 8/9 levels left

rFire    . . .     SeeInvis .   o - +0 mace
rCold    . . .     Faith    .   (no shield)
rNeg     . . .     Spirit   .   (helmet restricted)
rPois    .         Reflect  .   (no amulet)
rElec    .         Harm     .   (no ring)
rCorr    .         Rampage  .   (no ring)
Will     .....                  (no ring)
Stlth    +++.......             (no ring)
HPRegen  0.10/turn              (no ring)
MPRegen  0.11/turn              (no ring)
                                (no ring)
                                (no ring)

@: very slightly contaminated
A: almost no armour, stealthy swim, amphibious, 8 rings, constrict 8, camouflage
1, gelatinous body 1
a: no special abilities


You were on level 2 of the Dungeon.
You visited 1 branch of the dungeon, and saw 3 of its levels.

You collected 80 gold pieces.

Inventory:

Hand Weapons
 o - a +0 mace (weapon)
Jewellery
 g - an uncursed amulet of the acrobat {unknown}
Scrolls
 a - 3 scrolls of identify {unknown}
 c - 3 scrolls of amnesia {unknown}
 i - 2 scrolls of remove curse {unknown}
 l - a scroll of enchant armour {unknown}
 m - a scroll of immolation {unknown}
 n - a scroll of teleportation {unknown}
Potions
 b - a potion of attraction {unknown}
 d - a potion of might {unknown}
 e - a potion of haste {unknown}
 f - a potion of ambrosia {unknown}
 h - 3 potions of curing {unknown}
 j - a potion of resistance {unknown}
 k - a potion of heal wounds {unknown}


   Skills:
 + Level 2.9 Dodging
 + Level 4.1 Stealth
 + Level 2.7 Spellcasting
 + Level 2.1 Transmutations
 + Level 4.4 Poison Magic


You had 8 spell levels left.
You knew the following spells:

 Your Spells              Type           Power        Failure   Level
a - Sting                 Tmut/Pois      60%          4%          1

Your spell library contained the following spells:

 Spells                   Type           Power        Failure   Level
 Poisonous Vapours        Pois/Air       22%          10%         2
 Ignite Poison            Fire/Tmut/Pois 10%          19%         3
 Mephitic Cloud           Conj/Pois/Air  8%           26%         3
 Olgreb's Toxic Radiance  Pois           19%          26%         4


Dungeon Overview and Level Annotations

Branches:
Dungeon (3/15)

Altars:
Ashenzari
Kikubaaqudgha


Innate Abilities, Weirdness & Mutations

You cannot wear most types of armour.
You are very stealthy in the water. (Stealth+)
You are amphibious.
You can wear up to eight rings at the same time.
You can use your tentacles to constrict eight enemies at once.
Your skin changes colour to match your surroundings (Stealth+).
Your rubbery body absorbs attacks. (AC +1, EV +1)


Message History

Aiming: Sting (safe; 4% risk of failure)
Press: ? - help, Shift-Dir - straight line, f - orc
Aim: an orc, wielding a +0 mace (26% to evade)
The sting misses the orc.
The orc completely misses you.
Casting: Sting (safe; 4% risk of failure)
Confirm with . or Enter, or press ? or * to list all spells.
Aiming: Sting (safe; 4% risk of failure)
Press: ? - help, Shift-Dir - straight line, f/p - orc
Aim: an orc, wielding a +0 mace (26% to evade)
You miscast Sting.
You are very lightly contaminated with residual magic.
Nothing appears to happen.
The orc hits you with a +0 mace!
* * * LOW HITPOINT WARNING * * *
Casting: Sting (safe; 4% risk of failure)
Confirm with . or Enter, or press ? or * to list all spells.
Aiming: Sting (safe; 4% risk of failure)
Press: ? - help, Shift-Dir - straight line, f/p - orc
Aim: an orc, wielding a +0 mace (26% to evade)
The sting misses the orc.
The orc hits you with a +0 mace!
You die...

#.............
#............. #########
######........
#.......###### #........
#............# #........
#............# #.....###
#............# #.#####
#............#####.#
#........@o......).#
#.......##################
#............# #.......
##)####......# #.####.#
#######.# #......#
#.#..#.#
#....##.####......#
#.#..#.#
#....##.....#######
#.##'#.# #...<##.....#
#....... #....##.....#
#.##'#.#


You could see an orc.

Vanquished Creatures
  An orc priest (D:2)
  Natasha (D:3)
  An adder (D:2)
  A worm (D:2)
  2 leopard geckos
  6 orcs
  2 ball pythons
  3 giant cockroaches
  3 goblins (D:1)
  10 hobgoblins
  10 kobolds
  7 bats
  3 frilled lizards
  8 rats
58 creatures vanquished.

Notes
Turn   | Place    | Note
-------+----------+-------------------------------------------
     0 | D:1      | Qrupt the Octopode Venom Mage began the quest for the Orb.
     0 | D:1      | Reached XP level 1. HP: 11/11 MP: 3/3
   383 | D:1      | Reached XP level 2. HP: 14/17 MP: 0/5
  1008 | D:1      | Reached XP level 3. HP: 14/21 MP: 6/6
  1709 | D:2      | Found a broken altar of Ashenzari.
  2359 | D:2      | Reached XP level 4. HP: 27/27 MP: 7/7
  2492 | D:2      | Found an ancient bone altar of Kikubaaqudgha.
  3042 | D:3      | Noticed Natasha
  3051 | D:3      | Killed Natasha
  3052 | D:3      | Reached XP level 5. HP: 29/31 MP: 3/9
  3095 | D:2      | Slain by an orc

Illustrated notes

Levels and vault maps discovered:
D:1:      giann_horns, layout_loops_ring
D:2:      minmay_door_path, layout_basic, general_overflow_altar,
          ashenzari_altar_1
D:3:      layout_rooms, minmay_overflow_temple_star_hex, uniq_jessica,
          uniq_natasha, uniq_terence

Skill      XL: |  1  2  3  4 |
---------------+-------------+-----
Stealth        | 3 4 |  4.1
Poison Magic   | 4 |  4.4
Transmutations | 2 |  2.1
Dodging        | |  2.9
Spellcasting   | |  2.7

Action                   |  1- 3 |  4- 6 || total
-------------------------+-------+-------++-------
Melee: Unarmed           |    79 |     6 ||    85
       Constrict         |    19 |     5 ||    24
       Tentacles         |    18 |     1 ||    19
       Mace              |       |     6 ||     6
 Cast: Sting             |    31 |    26 ||    57
 Stab: Sleeping          |     5 |     1 ||     6
Armor: Skin              |     8 |     3 ||    11
Dodge: Dodged            |    69 |    29 ||    98
